 Dungeon Crawl Stone Soup version 0.25-a0-1133-g93ebf73 (webtiles) character file.

Game seed: 18433583904475029382, levelgen mode: deterministic

208 brasw1bg the Skirmisher (level 5, 7/82 HPs)
             Began as an Ogre Skald on May 20, 2020.
             Quit the game on level 5 of the Dungeon.
             The game lasted 00:06:28 (3488 turns).

brasw1bg the Skirmisher (Ogre Skald)                Turns: 3488, Time: 00:06:29

Health: 7/82       AC: 22    Str: 16    XL:     5   Next: 86%
Magic:  0/10       EV:  1    Int: 14    God:
Gold:   102        SH:  0    Dex:  8    Spells: 2/10 levels left

rFire    . . .     SeeInvis .   a - +0 spear
rCold    . . .     Gourm    .   (no shield)
rNeg     + + +     Faith    .   (armour currently unavailable)
rPois    +         Spirit   .   (helmet currently unavailable)
rElec    .         Reflect  .   (cloak currently unavailable)
rCorr    .         Harm     .   (gloves unavailable)
MR       .....     NoTele   +   (boots unavailable)
Stlth    +.........             (no amulet)
HPRegen  0.23/turn              (no ring)
MPRegen  0.12/turn              (no ring)

@: tree-form, infused, hasted, very quick
A: large, unfitting armour
a: no special abilities


You were on level 5 of the Dungeon.
You were not hungry.
You were a tree.
You visited 1 branch of the dungeon, and saw 5 of its levels.

You collected 102 gold pieces.

Inventory:

Hand Weapons
 a - a +0 spear (weapon)
 q - a +0 hunting sling
Missiles
 c - 77 stones (quivered)
 p - 19 sling bullets
Armour
 b - a +0 robe (melded)
Wands
 f - a wand of flame (19)
Scrolls
 g - a scroll of identify {!r}
 i - a scroll of immolation {!r}
 n - a scroll of teleportation {!r, unknown}
Potions
 e - a potion of haste {!q}
 m - a potion of lignification {!q}
Comestibles
 d - 3 rations
 o - a chunk of flesh


   Skills:
 * Level 4.9 Fighting
 * Level 3.7 Polearms
 + Level 1.9 Throwing
 - Level 2.1 Dodging
 + Level 3.4 Spellcasting
 - Level 2.6 Charms


You had 2 spell levels left.
You knew the following spells:

 Your Spells              Type           Power        Failure   Level  Hunger
a - Infusion              Chrm           #...         7%          1    #......
b - Song of Slaying       Chrm           #.......     11%         2    ##.....
c - Shroud of Golubria    Chrm/Tloc      #.....       19%         2    ##.....
d - Spectral Weapon       Hex/Chrm       #.......     34%         3    ###....

Your spell library contained the following spells:

 Spells                   Type           Power        Failure   Level  Hunger
 Ozocubu's Armour         Chrm/Ice       #.......     34%         3    ###....


Dungeon Overview and Level Annotations

Branches:
Dungeon (5/15)
 Temple: D:4-7

Altars:


Innate Abilities, Weirdness & Mutations

You are too large for most types of armour.
((You have tough skin. (AC +1)))


Message History

The orc priest hits you but does no damage.
You hit the jackal!
You kill the jackal!
The sentinel's mark upon you fades away.
The orc priest hits you but does no damage.
Unknown command.
Unknown command.
Unknown command.
Unknown command.
You hit the orc priest.
The orc priest is lightly wounded.
Unknown command.
Unknown command.
You hit the ogre.
The ogre is lightly wounded.
The orc priest hits you but does no damage.
The ogre hits you but does no damage.
You are too injured to fight recklessly!
Okay, then.
Are you sure you want to abandon this character and quit the game? (Confirm with "yes".)

#.#.#
#.#.#
#.#..
#.######
#.#....##
#.......#
###.#####
#O# #♣#
#o#


oW. ##?## #.. ### You could see a phantom, an ogre, an orc priest and an orc.

Vanquished Creatures
  A scorpion (D:5)
  Terence (D:2)
  7 adders (D:2)
  A worm (D:2)
  3 dart slugs (D:1)
  5 leopard geckos
  2 orcs (D:3)
  A ball python (D:2)
  2 bats (D:1)
  A giant cockroach (D:2)
  3 goblins
  10 hobgoblins
  7 jackals
  6 kobolds
  4 frilled lizards
  A jackal skeleton (D:5)
  3 rats
58 creatures vanquished.

Notes
Turn   | Place    | Note
-------+----------+-------------------------------------------
     0 | D:1      | brasw1bg the Ogre Skald began the quest for the Orb.
     0 | D:1      | Reached XP level 1. HP: 22/22 MP: 3/3
   134 | D:1      | Reached skill level 3 in Fighting
   134 | D:1      | Reached XP level 2. HP: 20/31 MP: 3/5
   694 | D:1      | Reached XP level 3. HP: 34/37 MP: 7/7
  1241 | D:2      | Reached skill level 1 in Throwing
  1674 | D:2      | Reached XP level 4. HP: 47/48 MP: 2/8
  1833 | D:2      | Reached skill level 4 in Fighting
  2156 | D:2      | Noticed Terence
  2175 | D:2      | Killed Terence
  2199 | D:2      | Reached XP level 5. HP: 30/55 MP: 3/9
  3134 | D:3      | Learned a level 2 spell: Song of Slaying
  3137 | D:3      | Learned a level 2 spell: Shroud of Golubria
  3141 | D:3      | Learned a level 3 spell: Spectral Weapon
  3237 | D:3      | You fall into a shaft and drop 1 floor!
  3328 | D:4      | Noticed an ogre
  3367 | D:4      | Noticed an ogre
  3410 | D:5      | Entered Level 5 of the Dungeon
  3450 | D:5      | Noticed a phantom
  3477 | D:5      | Noticed an ogre
  3488 | D:5      | Quit the game

Illustrated notes

Levels and vault maps discovered:
D:1:      dpeg_arrival_signposts, layout_basic, kennysheep_doodads
D:2:      layout_basic, hangedman_feature_mirror, uniq_terence
D:3:      layout_loops_corners, chequers_ecumenical_altar_grove
D:4:      layout_loops_ring, minmay_tree_intersection
D:5:      layout_basic, minmay_temple_entry_waves, first_ration

Skill      XL: |  1  2  3  4 |
---------------+-------------+-----
Fighting       | 3 4 |  4.9
Throwing       | 1 |  1.9
Spellcasting   | 3 |  3.4
Polearms       | 3 |  3.7
Dodging        | |  2.1
Charms         | |  2.6

Action                   |  1- 3 |  4- 6 || total
-------------------------+-------+-------++-------
Melee: Spear             |   143 |   149 ||   292
Throw: Stone             |       |     2 ||     2
 Cast: Infusion          |     2 |    10 ||    12
  Use: Potion            |       |     4 ||     4
       Scroll            |       |     3 ||     3
 Stab: Distracted        |     1 |       ||     1
  Eat: Chunk             |     3 |     5 ||     8
Armor: Robe              |    20 |    20 ||    40
       Skin              |       |    26 ||    26
Dodge: Dodged            |    67 |    44 ||   111

Table legend:
 A = Non-vault XP
 B = Vault XP
 C = Vault XP percentage of total XP
 D = Non-vault monster count
 E = Vault monster count
 F = Vault count percentage of total count
                 A         B        C        D         E       F
            +---------+---------+-------+---------+---------+-------
      Total |     268 |      30 |  10.1 |      57 |       1 |   1.7
            +---------+---------+-------+---------+---------+-------
        D:1 |      51 |       0 |   0.0 |      24 |       0 |   0.0
        D:2 |     127 |      30 |  19.1 |      23 |       1 |   4.2
        D:3 |       9 |       0 |   0.0 |       4 |       0 |   0.0
        D:4 |       3 |       0 |   0.0 |       1 |       0 |   0.0
        D:5 |      78 |       0 |   0.0 |       5 |       0 |   0.0
            +---------+---------+-------+---------+---------+-------
